AoeStats
← 西安兰花

Glade

510315055Analyzed
1v1 RM · 17h ago on Sep 30, 2026· 31m 6s· 2 players
Game mode
Random Map
Map size
Tiny (2 player)
Population
200
Speed
Normal
Resources
Standard
Victory
Conquest
Starting age
Dark Age
Ending age
Imperial Age
RankedLock teamsTeams togetherTeam positionsShared explorationLock speedFull tech treeHidden civsTurbo modeCheats
Victory
Defeat
🇮🇳 Romans · India
795
+16
🇨🇳 Sicilians · China
798
-16
retinderdeepsingh
1:27 Loom
10:10 Feudal Age
11:37 Double-Bit Axe
15:34 Scale Mail Armor
15:46 Forging
16:24 Man-at-Arms
28:18 Fletching
西安兰花
6:39 Loom
13:36 Feudal Age
Connection lost

Rejoining the realm…

Still unreachable

The connection could not be restored.

Session expired

The server has moved on; the page needs a fresh start.